Unix NetHack Version 5.0.0-0 post-release - last build May 17 2026 04:57:42 (dc50c8380fa5e20985bfe3072449f57b8d9895ef,branch:main).

Game began 2026-05-21 22:36:01, ended 2026-05-21 23:29:01.

Haxasaurus, neutral male gnomish Wizard

                                                          ---------------
                                                          |.............|
                          -------        ----------       |........>....|
    -----------           |.....|        |........|       |.............|
    |????????.|          #......|        |........|       |.............|
    |???.???+.|          #|.....-###### #-.........#######..............|
    |??????+].|      #####-----.-     ###----------#      ----.----------
    |????????.| ######         #        ############          #
    |???????+@-@#              ####        #       ##         #
    -----------                   #        #        #         #######
                                  ###      #        #               #
                                    #      #        ###-------------.--
                              ------.------#          #...............|
                              |...........|#           |..............|
                              |...........|#           |..............|
                              |.<..........#           |..............|
                              |...........|            ----------------
                              |...........|
                              -------------

Haxasaurus the Conjurer   St:9 Dx:12 Co:14 In:19 Wi:10 Ch:11  Neutral
Dlvl:2  $:18 HP:25(25) Pw:30(30) AC:9  Xp:3/68 T:921 

Latest messages:
 This newt corpse tastes terrible!  You finish eating the newt corpse.
 It's a wall.
 It's a wall.
 It's a wall.
 It's a wall.
 It's a wall.
 It's a wall.
 Really save? y
 Saving...
 Restoring save file...
 Hello Haxasaurus, the gnomish Wizard, welcome back to NetHack!
 A lichen blocks your path.
 You miss the lichen.
 You kill the lichen!
 You see here a lichen corpse.
 Really save? y
 Saving...
 Restoring save file...
 Hello Haxasaurus, the gnomish Wizard, welcome back to NetHack!
 You see here a lichen corpse.
 s - a lichen corpse.
 An acid blob blocks your path.
 It's solid stone.
 It's a wall.
 You hear the chime of a cash register.
 It's a wall.
 The jackal bites!
 [HP -2, 23 left]
 You kill the jackal!
 You see here a jackal corpse.
 There is a jackal corpse here; eat it? y
 This jackal corpse tastes okay.
 You finish eating the jackal corpse.
 It's a wall.
 "Hello, Haxasaurus!  Welcome again to Ennistymon's second-hand bookstore!"
 Pick a monster, object or location.
 You kill the giant rat!
 You hit the giant rat.
 You knock the giant rat backward with a powerful strike!
 You see here a giant rat corpse.
 You kill the giant rat!
 "Hello, Haxasaurus!  Welcome again to Ennistymon's second-hand bookstore!"
 You see here a giant rat corpse.
 #
 Really quit without saving? y
 Do you want your possessions identified? n
 Do you want to see your attributes? n
 Do you want an account of creatures vanquished? [ynaq] (y)
 Do you want to see your conduct and achievements? n
 Do you want to see the dungeon overview? n

Inventory:
 Coins    ('$')
  $ - 18 gold pieces
 Weapons  (')')
  a - a blessed +1 quarterstaff (weapon in hands)
 Armor    ('[')
  q - a cursed -1 pair of levitation boots
  r - an uncursed +0 cloak of displacement
  b - an uncursed +0 cloak of magic resistance (being worn)
 Comestibles  ('%')
  o - an uncursed food ration
  s - an uncursed lichen corpse
 Scrolls  ('?')
  j - an uncursed scroll of identify
  i - 2 uncursed scrolls of magic mapping
 Spellbooks  ('+')
  k - a blessed spellbook of force bolt
  l - an uncursed spellbook of jumping
 Potions  ('!')
  p - an uncursed potion of fruit juice
  g - an uncursed potion of healing
  h - an uncursed potion of invisibility
  f - an uncursed potion of speed
 Rings    ('=')
  d - an uncursed ring of see invisible
  e - an uncursed ring of slow digestion
 Wands    ('/')
  c - a wand of opening (0:4)
 Tools    ('(')
  m - a magic marker (0:20)
  n - an uncursed skeleton key

Haxasaurus the Wizard's attributes:

Background:
 You were a Conjurer, a level 3 male gnomish Wizard.
 You were neutral, on a mission for Thoth
 who was opposed by Ptah (lawful) and Anhur (chaotic).
 You were right-handed.
 You were in the Dungeons of Doom, on level 2.
 You entered the dungeon 921 turns ago.
 It was nighttime.
 You had 68 experience points, 12 more were needed to attain level 4.

Basics:
 You had all 25 hit points.
 You had all 30 energy points (spell power).
 Your armor class was 9.
 Your wallet contained 18 zorkmids.
 Autopickup was on for '$"=/!?' plus thrown, with exceptions.

Final Characteristics:
 Your strength was 9 (limit:18/50).
 Your dexterity was 12 (limit:18).
 Your constitution was 14 (limit:18).
 Your intelligence was 19 (limit:19).
 Your wisdom was 10 (limit:18).
 Your charisma was 11 (limit:18).

Final Status:
 You weren't hungry.
 You were unencumbered.
 You were wielding a quarterstaff.
 You had basic skill with quarterstaff.

Final Attributes:
 You were nominally aligned.
 You were magic-protected.
 You had infravision.
 You were warded.
 You survived.

Miscellaneous:
 You didn't encounter any bones levels.
 Total elapsed playing time was 24 minutes and 12 seconds.

Major events:
 Turn
    1: Haxasaurus the neutral male gnomish Wizard entered the dungeon
  636: attained the rank of Conjurer (level 3)
  921: quit

Spells:
 Name                 Level Category     Fail Retention
 force bolt             1   attack         0%  91%-100%
 jumping                1   escape         0%  76%-100%

Skills:
 Fighting Skills
   bare handed combat [Unskilled]
   riding             [Unskilled]
 Weapon Skills
   dagger             [Unskilled]
   knife              [Unskilled]
   axe                [Unskilled]
   short sword        [Unskilled]
   club               [Unskilled]
   mace               [Unskilled]
   quarterstaff       [Basic]
   polearms           [Unskilled]
   spear              [Unskilled]
   trident            [Unskilled]
   sling              [Unskilled]
   dart               [Unskilled]
   shuriken           [Unskilled]
 Spellcasting Skills
   attack spells      [Basic]
   healing spells     [Unskilled]
   divination spells  [Unskilled]
   enchantment spells [Basic]
   clerical spells    [Unskilled]
   escape spells      [Unskilled]
   matter spells      [Unskilled]

Voluntary challenges:
 Character rerolling was not enabled.
 You were an atheist.
 You were illiterate.
 You never genocided any monsters.
 You never polymorphed an object.
 You never changed form.
 You used no wishes.
Achievements:
 You entered a shop.
 You attained the rank of Conjurer.

 The Dungeons of Doom: levels 1 to 2
    Level 1:
       An altar, some fountains.
    Level 2: <- You were here.
       A scroll shop.


Vanquished creatures:
  a small mimic
  2 giant rats
  2 jackals
  2 grid bugs
  5 lichens
  5 newts
17 creatures vanquished.

No species were genocided or became extinct.

Goodbye Haxasaurus the Wizard...

You quit in The Dungeons of Doom on dungeon level 2 with 340 points,
and 18 pieces of gold, after 921 moves.
You were level 3 with a maximum of 25 hit points when you quit.

